AoeStats
← Pollux

Arena

508912258Analyzed
4v4 RM · 9d ago on Sep 24, 2026· 32m 59s· 8 players
Game mode
Random Map
Map size
Large (8 player)
Population
200
Speed
Normal
Resources
Standard
Victory
Conquest
Starting age
Dark Age
Ending age
Imperial Age
RankedLock teamsTeams togetherTeam positionsShared explorationLock speedFull tech treeHidden civsTurbo modeCheats
Victory
Defeat
🇨🇳 Hindustanis · China
1834
+13
🇳🇱 Portuguese · Netherlands
1771
+16
🇳🇱 Teutons · Netherlands
1749
+16
🇩🇪 Maya · Germany
1734
+17
🇹🇼 Varangians · Taiwan
1858
-19
🇹🇼 Saxons · Taiwan
1831
-18
🇹🇼 Spanish · Taiwan
1737
-15
🇹🇼 Poles · Taiwan
1622
-10
Lauth3
11:30 Feudal Age
11:42 Loom
12:54 Double-Bit Axe
15:25 Castle Age
23:59 Gold Mining
26:59 Imperial Age
26:31 Fletching
27:00 Bow Saw
28:44 Chemistry
31:12 Bodkin Arrow
Pollux
5:46 Loom
8:20 Feudal Age
9:19 Double-Bit Axe
12:46 Fletching
13:27 Horse Collar
21:26 Castle Age
22:38 Bow Saw
22:29 Heavy Plow
22:47 Gold Mining
23:29 Coinage
27:34 Bodkin Arrow
31:05 Wheelbarrow
32:28 Hand Cart
32:53 Scale Barding Armor
32:59 Forging
Hisoka69
0:26 Loom
10:02 Feudal Age
13:45 Castle Age
11:57 Double-Bit Axe
12:04 Horse Collar
15:07 Bow Saw
19:39 Wheelbarrow
25:02 Imperial Age
23:26 Ballistics
23:17 Masonry
23:28 Gold Mining
23:37 Fletching
25:01 Bodkin Arrow
25:06 Padded Archer Armor
25:50 Hand Cart
26:24 Thumb Ring
26:56 Stone Mining
28:11 Two-Man Saw
29:11 Chemistry
28:21 Town Watch
28:53 Bracer
29:08 Leather Archer Armor
29:44 Conscription
30:35 Architecture
31:58 Leather Archer Armor
31:24 Treadmill Crane
33:45 Ring Archer Armor
< blank >
9:36 Feudal Age
13:10 Castle Age
11:26 Double-Bit Axe
11:27 Horse Collar
12:25 Double-Bit Axe
14:06 Bow Saw
21:48 Wheelbarrow
23:14 Gold Mining
26:27 Imperial Age
24:01 Loom
24:51 Hand Cart
25:12 Gold Shaft Mining
24:38 Stone Mining
25:06 Heavy Plow
25:30 Scale Barding Armor
26:14 Bloodlines
26:10 Husbandry
27:31 Chain Barding Armor
26:37 Heavy Camel Rider
29:09 Plate Barding Armor
28:44 Grand Trunk Road
28:39 Imperial Camel Rider
30:05 Forging
31:27 Two-Man Saw
32:05 Iron Casting
31:57 Conscription
32:27 Caravan
33:52 Blast Furnace
MaruZenSky
7:58 Loom
10:00 Feudal Age
15:33 Castle Age
29:03 Wheelbarrow
29:06 Double-Bit Axe
30:19 Stone Mining
30:46 Bow Saw
DYS.K
10:54 Feudal Age
14:25 Castle Age
12:33 Horse Collar
13:13 Double-Bit Axe
15:22 Bow Saw
15:12 Heavy Plow
20:30 Stone Mining
20:54 Gold Mining
21:59 Wheelbarrow
23:10 Scale Barding Armor
24:01 Szlachta Privileges
24:17 Bloodlines
24:23 Husbandry
24:48 Chain Barding Armor
24:54 Loom
24:56 Town Watch
25:25 Forging
26:57 Iron Casting
27:55 Hand Cart
32:06 Imperial Age
30:12 Fletching
32:09 Cavalier
[LuB]a61
10:36 Feudal Age
14:30 Castle Age
13:00 Double-Bit Axe
13:29 Horse Collar
15:38 Bow Saw
21:06 Loom
25:11 Wheelbarrow
24:29 Gold Mining
24:42 Stone Mining
26:16 Hand Cart
28:54 Imperial Age
26:49 Masonry
27:25 Squires
27:26 Scale Mail Armor
28:04 Heavy Plow
28:08 Pikeman
29:53 Chain Mail Armor
29:05 Capped Ram
32:14 Plate Mail Armor
31:06 Halberdier
LeeChia
10:30 Feudal Age
14:07 Castle Age
12:13 Double-Bit Axe
13:19 Horse Collar
15:17 Bow Saw
15:11 Heavy Plow
18:51 Loom
20:47 Wheelbarrow
22:33 Stone Mining
22:34 Gold Mining
26:34 Hand Cart
29:08 Imperial Age
27:13 Scale Barding Armor
27:46 Forging
28:10 Bloodlines
28:01 Husbandry
28:26 Chain Barding Armor
29:42 Forging
30:32 Plate Barding Armor
30:26 Elite Jarl
31:59 Coinage
31:52 Forging
32:38 Hand Cart
32:09 Town Watch
33:21 Conscription
Connection lost

Rejoining the realm…

Still unreachable

The connection could not be restored.

Session expired

The server has moved on; the page needs a fresh start.